 Dungeon Crawl Stone Soup version 0.19-a0-739-gf2af308 (webtiles) character file.

304 Aksej the Chopper (level 6, -6/46 HPs)
             Began as a Demonspawn Gladiator on June 23, 2016.
             Mangled by an ogre
             ... wielding a +0 giant club
              (22 damage)
             ... on level 4 of the Dungeon.
             The game lasted 00:04:48 (2673 turns).

Aksej the Chopper (Demonspawn Gladiator)            Turns: 2673, Time: 00:04:49

Health: -6/46      AC:  9    Str: 17    XL:     6   Next: 15%
Magic:  6/6        EV: 13    Int: 10    God:
Gold:   104        SH:  0    Dex: 17    Spells: 0 memorised, 5 levels left

rFire  . . .     SeeInvis .     a - +0 war axe
rCold  . . .     Gourm    .     e - +1 ring mail
rNeg   . . .     Faith    .     (no shield)
rPois  .         Spirit   .     (helmet restricted)
rElec  .         Dismiss  .     (no cloak)
rCorr  .         Reflect  .     (no gloves)
SustAt .         Harm     .     (no boots)
MR     .....                    (no amulet)
Stlth  ++........               (no ring)
                                i - +3 ring of protection

@: not resistant to hostile enchantments, unstealthy
A: antennae 1, thin skeletal structure 2, evolution 1
a: no special abilities


You were on level 4 of the Dungeon.
You were not hungry.

You visited 1 branch of the dungeon, and saw 4 of its levels.

You collected 104 gold pieces.

Inventory:

Hand Weapons
 a - a +0 war axe (weapon)
Missiles
 d - 3 throwing nets (quivered)
 n - 6 javelins
Armour
 e - a +1 ring mail (worn)
Jewellery
 i - a +3 ring of protection (left hand)
Scrolls
 g - 2 scrolls of remove curse
Potions
 j - 3 potions of curing
 k - a potion of magic
 m - a potion of heal wounds
Comestibles
 c - a slice of pizza
 f - 3 bread rations


   Skills:
 + Level 2.6 Fighting
 * Level 4.7 Axes
 + Level 1.7 Throwing
 + Level 2.2 Armour
 + Level 3.8 Dodging


You had 5 spell levels left.
You didn't know any spells.

Dungeon Overview and Level Annotations

Branches:
Dungeon (4/15)
 Temple: D:4-7

Altars:
Kikubaaqudgha
Nemelex Xobeh
Vehumet


Innate Abilities, Weirdness & Mutations

You have a pair of small antennae on your head.
You have a moderately thin skeletal structure. (Dex +4, Stealth+)
You evolve.


Message History

The giant gecko is heavily wounded.
The giant gecko bites you but does no damage.
A hound, a worker ant and a skeleton come into view.
You barely miss the giant gecko.
The giant gecko is heavily wounded.
The giant gecko closely misses you. The giant gecko bites you.
A giant frog skeleton comes into view.
The worker ant twitches its antennae in your direction.
You slash the giant gecko!
You kill the giant gecko!
You barely miss the ogre. The ogre hits you with a giant club.
Your ring mail prevents you from hitting the ogre.
The ogre hits you with a giant club!!
Ouch! That really hurt!
You hit the ogre.
The ogre is lightly wounded.
You hit the giant frog skeleton.
The giant frog skeleton barely misses you.
The ogre hits you with a giant club!!
You die...

# ##. ##..###### #
.........# .# .........#
###.### .........####
##.Z...##.
#...........###.@Oa.....
#........##......Z......
#........#####........%.
####.##### #..........
####...# #.....$...h
..>###.### #..........
...# #...# #....(.....
...# ###.## ##.........
...## #..# #.....#


You could see an ogre, a hound (wandering), a worker ant and 2 giant frog
skeletons.

Vanquished Creatures
  An ogre (D:4)
  2 hounds (D:4)
  A giant frog skeleton (D:3)
  A worker ant (D:4)
  3 adders
  3 worms (D:2)
  3 dart slugs
  2 giant geckos
  An orc (D:3)
  8 bats
  5 giant cockroaches
  5 goblins
  8 hobgoblins
  2 jackals (D:1)
  2 quokkas
  3 giant newts
  9 kobolds
  6 rats
65 creatures vanquished.

Notes
Turn   | Place    | Note
--------------------------------------------------------------
     0 | D:1      | Aksej the Demonspawn Gladiator began the quest for the Orb.
     0 | D:1      | Reached XP level 1. HP: 16/16 MP: 1/1
    35 | D:1      | Reached skill level 3 in Axes
    86 | D:1      | Gained mutation: You have a somewhat thin skeletal structure. (Dex +2, Stealth) [demonic ancestry]
    86 | D:1      | Reached XP level 2. HP: 19/22 MP: 2/2
   717 | D:1      | Reached XP level 3. HP: 20/27 MP: 3/3
  1427 | D:2      | Found an ancient bone altar of Kikubaaqudgha.
  1535 | D:3      | Reached skill level 1 in Armour
  1535 | D:3      | Gained mutation: You have a pair of small antennae on your head. [demonic ancestry]
  1535 | D:3      | Reached XP level 4. HP: 22/34 MP: 4/4
  1542 | D:3      | Found a sparkling altar of Nemelex Xobeh.
  1876 | D:3      | Reached skill level 4 in Axes
  1878 | D:3      | Found a radiant altar of Vehumet.
  2185 | D:3      | Gained mutation: You evolve. [potion of beneficial mutation]
  2218 | D:4      | Noticed an ogre
  2222 | D:4      | Killed an ogre
  2222 | D:4      | Reached XP level 5. HP: 39/39 MP: 5/5
  2381 | D:4      | Gained mutation: You have a moderately thin skeletal structure. (Dex +4, Stealth+) [demonic ancestry]
  2381 | D:4      | Reached XP level 6. HP: 31/46 MP: 6/6
  2673 | D:4      | Mangled by an ogre

Vault maps used:
D:1:      roderic_octagonal_star, serial_glass, glass_columns_a, glass_columns_b
D:2:      lemuel_round_altar
D:3:      nemelex_xobeh_ov_fountains_minmay, lemuel_doored_altar, first_bread,
          corexii_corridor_pit

Skill      XL: |  1  2  3  4  5 |
---------------+----------------+-----
Axes           | 3 4 |  4.7
Dodging        | 3 |  3.8
Armour         | 1 2 |  2.2
Fighting       | |  2.6
Throwing       | |  1.7

Action                   |  1- 3 |  4- 6 || total
-------------------------+-------+-------++-------
Melee: War axe           |    99 |    89 ||   188
  Use: Potion            |     5 |     2 ||     7
       Scroll            |     5 |     1 ||     6
 Stab: Sleeping          |     3 |       ||     3
  Eat: Chunk             |     2 |     4 ||     6
Armor: Ring mail         |    36 |    44 ||    80
       Leather armour    |     3 |       ||     3
Dodge: Dodged            |    65 |    61 ||   126
